PA
SOUTH BEACH BLAZE @ LAKE ERIE ARRYNS
07/05/2041
 
TOP OF THE 1ST
South Beach Blaze batting - Pitching for Lake Erie Arryns : RHP Damarco Lyons
Pitching: RHP Damarco Lyons
Batting: LHB Steve Lodge 0-0: Called Strike
0-1: Foul Ball, location: 2F
0-2: Ball
1-2: Strikes out swinging
Batting: RHB Marvin Davenport 0-0: Swinging Strike
0-1: Called Strike
0-2: Foul Ball, location: 2F
0-2: Ball
1-2: Strikes out swinging
Batting: RHB Yoshiki Shimizu 0-0: Ball
1-0: Ball
2-0: Called Strike
2-1: Ball
3-1: Foul Ball, location: 2F
3-2: Foul Ball, location: 2F
3-2: Base on Balls
Batting: RHB Thiago Yepes 0-0: Ball
1-0: Called Strike
1-1: Ball
2-1: Foul Ball, location: 2F
2-2: Ball
3-2: DOUBLE (Line Drive, 7LS, EV 91.9 MPH)
Yoshiki Shimizu to third
Yoshiki Shimizu scores
Batting: RHB Miles Breeuwer 0-0: Ball
1-0: Ball
2-0: Called Strike
2-1: Ball
3-1: Called Strike
3-2: Foul Ball, location: 2F
3-2: Base on Balls
Batting: LHB Duane Halfyard 0-0: Swinging Strike
0-1: Ball
1-1: Ball
2-1: Foul Ball, location: 2F
2-2: Ball
3-2: Base on Balls
Thiago Yepes to third
Miles Breeuwer to second
Batting: RHB Sergio Morales 0-0: Ball
Wild Pitch!
Thiago Yepes scores
Miles Breeuwer to third
Duane Halfyard to second
1-0: Ball
2-0: Foul Ball, location: 2F
2-1: Foul Ball, location: 2F
2-2: Ball
3-2: Strikes out swinging
Top of the 1st over - 2 runs, 1 hit, 0 errors, 2 left on base; South Beach 2 - Lake Erie 0
BOTTOM OF THE 1ST
Lake Erie Arryns batting - Pitching for South Beach Blaze : RHP Robert Moody
Pitching: RHP Robert Moody
Batting: RHB Daryl Pethick 0-0: Swinging Strike
0-1: Foul Ball, location: 2F
0-2: Ground out U3 (Groundball, 34, EV 98.1 MPH)
Batting: RHB Carlos Valle 0-0: Called Strike
0-1: Ball
1-1: Ball
2-1: Foul Ball, location: 2F
2-2: Ball
3-2: Base on Balls
Batting: LHB Robbie Care 0-0: Called Strike
0-1: Ball
1-1: Called Strike
Carlos Valle steals 2nd base
1-2: Strikes out swinging
Batting: RHB Aloysius Szymanski 0-0: Called Strike
0-1: Called Strike
0-2: Strikes out swinging
Bottom of the 1st over - 0 runs, 0 hits, 0 errors, 1 left on base; South Beach 2 - Lake Erie 0
TOP OF THE 2ND
South Beach Blaze batting - Pitching for Lake Erie Arryns : RHP Damarco Lyons
Batting: RHB Nebosja Peric 0-0: Ball
1-0: Foul Ball, location: 2F
1-1: Ball
2-1: Ball
3-1: Swinging Strike
3-2: SOLO HOME RUN (Flyball, 7D, EV 94.4 MPH), Distance : 390 ft
Batting: RHB Hugues Bellot 0-0: Foul Ball, location: 2F
0-1: Fly out, F4 (Line Drive, 4, EV 65.0 MPH)
Batting: LHB Steve Lodge 0-0: Foul Ball, location: 2F
0-1: Hit by Pitch
Batting: RHB Marvin Davenport 0-0: SINGLE (Groundball, 6MD, EV 106.2 MPH)
Steve Lodge to second
Runner from 2nd tries for 3rd, SAFE, no throw by CF
Batting: RHB Yoshiki Shimizu 0-0: Called Strike
0-1: Called Strike
0-2: Ball
Marvin Davenport steals 2nd base
1-2: Foul Ball, location: 2F
1-2: Fly out, F7 (Line Drive, 7D, EV 96.9 MPH)
Runner from 3rd tags up, OUT at HOME! 7-2
Top of the 2nd over - 1 run, 2 hits, 0 errors, 1 left on base; South Beach 3 - Lake Erie 0
BOTTOM OF THE 2ND
Lake Erie Arryns batting - Pitching for South Beach Blaze : RHP Robert Moody
Batting: LHB Trent Armstrong 0-0: Called Strike
0-1: Foul Ball, location: 2F
0-2: Foul Ball, location: 2F
0-2: Foul Ball, location: 2F
0-2: Strikes out swinging
Batting: RHB Luther H. Greene 0-0: Ball
1-0: Ball
2-0: Called Strike
2-1: Foul Ball, location: 2F
2-2: Ball
3-2: Ground out 5-3 (Groundball, 56, EV 86.9 MPH)
Batting: RHB Rafael Briones 0-0: Called Strike
0-1: Ball
1-1: Called Strike
1-2: Ground out 2-3 (Groundball, 13S, EV 60.6 MPH)
Bottom of the 2nd over - 0 runs, 0 hits, 0 errors, 0 left on base; South Beach 3 - Lake Erie 0
TOP OF THE 3RD
South Beach Blaze batting - Pitching for Lake Erie Arryns : RHP Damarco Lyons
Batting: RHB Thiago Yepes 0-0: Ball
1-0: Ground out 5-3 (Groundball, 56, EV 81.2 MPH)
Batting: RHB Miles Breeuwer 0-0: Ball
1-0: Called Strike
1-1: Fly out, F4 (Popup, 4S, EV 72.5 MPH)
Batting: LHB Duane Halfyard 0-0: Ball
1-0: Swinging Strike
1-1: Foul Ball, location: 2F
1-2: Ball
2-2: Ball
3-2: Foul Ball, location: 2F
3-2: SINGLE (Line Drive, 5L, EV 95.6 MPH)
Pitching: RHP Henri Finiguerra
Batting: RHB Sergio Morales 0-0: Ball
1-0: SINGLE (Line Drive, 4D, EV 94.4 MPH)
Duane Halfyard to second
Runner from 2nd tries for 3rd, SAFE, throw by RF made to third
Batting: RHB Nebosja Peric 0-0: Called Strike
0-1: Ball
1-1: Called Strike
1-2: DOUBLE (Line Drive, 78XD, EV 103.8 MPH)
Duane Halfyard scores
Sergio Morales to third
Runner from 3rd tries for Home, SAFE, throw by LF to trailing runner, SAFE at third!
Batting: RHB Hugues Bellot 0-0: Swinging Strike
0-1: Ball
1-1: Called Strike
1-2: Ball
2-2: Strikes out swinging
Top of the 3rd over - 2 runs, 3 hits, 0 errors, 1 left on base; South Beach 5 - Lake Erie 0
BOTTOM OF THE 3RD
Lake Erie Arryns batting - Pitching for South Beach Blaze : RHP Robert Moody
Batting: RHB Shi-yu Ting 0-0: Ground out U3 (Groundball, 34, EV 81.2 MPH)
Batting: RHB Hiroshige Yamada 0-0: Ball
1-0: Swinging Strike
1-1: Fly out, F5 (Popup, 56S, EV 83.8 MPH)
Batting: RHB Daryl Pethick 0-0: Ball
1-0: Called Strike
1-1: Ground out 6-3 (Groundball, 6S, EV 60.0 MPH)
Bottom of the 3rd over - 0 runs, 0 hits, 0 errors, 0 left on base; South Beach 5 - Lake Erie 0
TOP OF THE 4TH
South Beach Blaze batting - Pitching for Lake Erie Arryns : RHP Henri Finiguerra
Batting: LHB Steve Lodge 0-0: Called Strike
0-1: Called Strike
0-2: Fly out, F7 (Flyball, 7LM, EV 91.9 MPH)
Batting: RHB Marvin Davenport 0-0: Ball
1-0: SINGLE (Line Drive, 6M, EV 103.1 MPH)
Batting: RHB Yoshiki Shimizu 0-0: Called Strike
0-1: Fielders Choice at 2nd, 2-6 (Groundball, 2R, EV 71.9 MPH)
Batting: RHB Thiago Yepes 0-0: Called Strike
0-1: Called Strike
Yoshiki Shimizu steals 2nd base
0-2: Ball
1-2: 2-RUN HOME RUN (Flyball, 7D, EV 91.2 MPH), Distance : 398 ft
Batting: RHB Miles Breeuwer 0-0: Ball
1-0: Ball
2-0: Called Strike
2-1: SINGLE (Line Drive, 9LS, EV 90.6 MPH)
Batting: LHB Duane Halfyard 0-0: Ball
1-0: Called Strike
1-1: Ball
2-1: Ball
3-1: Foul Ball, location: 2F
3-2: Base on Balls
Miles Breeuwer to second
Batting: RHB Sergio Morales 0-0: Foul Ball, location: 2F
0-1: Ball
1-1: Ground out 1-3 (Groundball, 13, EV 92.5 MPH)
Top of the 4th over - 2 runs, 3 hits, 0 errors, 2 left on base; South Beach 7 - Lake Erie 0
BOTTOM OF THE 4TH
Lake Erie Arryns batting - Pitching for South Beach Blaze : RHP Robert Moody
Batting: RHB Carlos Valle 0-0: Ball
1-0: Foul Ball, location: 2F
1-1: Swinging Strike
1-2: Strikes out swinging
Batting: LHB Robbie Care 0-0: Called Strike
0-1: Ball
1-1: Ball
2-1: Foul Ball, location: 2F
2-2: Ball
3-2: DOUBLE (Flyball, 89XD, EV 93.8 MPH)
Batting: RHB Aloysius Szymanski 0-0: Ball
1-0: Called Strike
1-1: Foul Ball, location: 2F
1-2: Ground out 6-3 (Groundball, 56D, EV 83.8 MPH)
Batting: LHB Trent Armstrong 0-0: Called Strike
0-1: Ball
1-1: Swinging Strike
1-2: Ball
2-2: Foul Ball, location: 2F
2-2: Ball
3-2: Base on Balls
Batting: RHB Luther H. Greene 0-0: Ball
1-0: Ball
2-0: Swinging Strike
2-1: Ball
3-1: Foul Ball, location: 2F
3-2: Foul Ball, location: 2F
3-2: Base on Balls
Robbie Care to third
Trent Armstrong to second
Batting: RHB Rafael Briones 0-0: Ball
1-0: Swinging Strike
1-1: DOUBLE (Flyball, 9LD, EV 110.0 MPH)
Robbie Care scores
Trent Armstrong scores
Luther H. Greene to third
Runner from 3rd tries for Home, SAFE, throw by RF to home
Batting: RHB Shi-yu Ting 0-0: Ball
1-0: Foul Ball, location: 2F
1-1: Foul Ball, location: 2F
1-2: Strikes out looking
Bottom of the 4th over - 3 runs, 2 hits, 0 errors, 1 left on base; South Beach 7 - Lake Erie 3
TOP OF THE 5TH
South Beach Blaze batting - Pitching for Lake Erie Arryns : RHP Henri Finiguerra
Batting: RHB Nebosja Peric 0-0: Ball
1-0: Fly out, F9 (Flyball, 9S, EV 96.2 MPH)
Batting: RHB Hugues Bellot 0-0: Ball
1-0: Called Strike
1-1: Called Strike
1-2: Foul Ball, location: 2F
1-2: Foul Ball, location: 2F
1-2: Strikes out swinging
Batting: LHB Steve Lodge 0-0: Ball
1-0: Ball
2-0: Ball
3-0: Called Strike
3-1: Called Strike
3-2: Foul Ball, location: 2F
3-2: Foul Ball, location: 2F
3-2: Base on Balls
Pitching: RHP Tom Lehman
Batting: RHB Marvin Davenport 0-0: Called Strike
0-1: Ball
Steve Lodge steals 2nd base
1-1: Foul Ball, location: 2F
1-2: Strikes out swinging
Top of the 5th over - 0 runs, 0 hits, 0 errors, 1 left on base; South Beach 7 - Lake Erie 3
BOTTOM OF THE 5TH
Lake Erie Arryns batting - Pitching for South Beach Blaze : RHP Robert Moody
Batting: RHB Hiroshige Yamada 0-0: Fly out, F8 (Flyball, 8LM, EV 88.8 MPH)
Batting: RHB Daryl Pethick 0-0: Ball
1-0: Foul Ball, location: 2F
1-1: SINGLE (Line Drive, 5, EV 97.5 MPH)
Batting: RHB Carlos Valle 0-0: Ball
1-0: Ball
2-0: Foul Ball, location: 2F
2-1: Swinging Strike
2-2: Ball
3-2: Foul Ball, location: 2F
3-2: Foul Ball, location: 2F
3-2: Strikes out swinging
Batting: LHB Robbie Care 0-0: Ball
1-0: Ball
2-0: Foul Ball, location: 2F
2-1: Called Strike
2-2: Strikes out swinging
Bottom of the 5th over - 0 runs, 1 hit, 0 errors, 1 left on base; South Beach 7 - Lake Erie 3
TOP OF THE 6TH
South Beach Blaze batting - Pitching for Lake Erie Arryns : RHP Tom Lehman
Batting: RHB Yoshiki Shimizu 0-0: Called Strike
0-1: SINGLE (Line Drive, 78S, EV 113.8 MPH)
Batting: RHB Thiago Yepes 0-0: Ball
Yoshiki Shimizu steals 2nd base
1-0: Intentional Walk
Batting: RHB Miles Breeuwer 0-0: Called Strike
0-1: Swinging Strike
0-2: Strikes out looking
Batting: LHB Duane Halfyard 0-0: Called Strike
0-1: Ball
1-1: Foul Ball, location: 2F
1-2: Ball
2-2: SINGLE (Line Drive, 8RS, EV 93.1 MPH)
Yoshiki Shimizu to third
Thiago Yepes to second
Runner from 3rd tries for Home, SAFE, throw by CF to home
Batting: RHB Sergio Morales 0-0: Ball
1-0: Foul Ball, location: 2F
1-1: DOUBLE (Flyball, 89XD, EV 101.9 MPH)
Thiago Yepes scores
Duane Halfyard to third
Runner from 3rd tries for Home, SAFE, throw by CF to trailing runner, OUT at third! 8-4-5
Batting: RHB Nebosja Peric 0-0: Called Strike
0-1: Ball
1-1: Foul Ball, location: 2F
1-2: Foul Ball, location: 2F
1-2: Ball
2-2: Strikes out swinging
Top of the 6th over - 3 runs, 3 hits, 0 errors, 0 left on base; South Beach 10 - Lake Erie 3
BOTTOM OF THE 6TH
Lake Erie Arryns batting - Pitching for South Beach Blaze : RHP Robert Moody
Pitching: RHP Dan Smith
Batting: RHB Aloysius Szymanski 0-0: Fly out, F4 (Popup, 23, EV 78.8 MPH)
Batting: LHB Trent Armstrong 0-0: Swinging Strike
0-1: Called Strike
0-2: Foul Ball, location: 2F
0-2: Ball
1-2: Fly out, F7 (Line Drive, 7, EV 105.0 MPH)
Batting: RHB Luther H. Greene 0-0: Called Strike
0-1: SINGLE (Groundball, 6MD, EV 97.5 MPH)
Batting: RHB Rafael Briones 0-0: SINGLE (Groundball, 56D, EV 105.6 MPH)
Luther H. Greene to second
Batting: RHB Shi-yu Ting 0-0: Fielders Choice at 2nd, 6-4 (Groundball, 6, EV 85.6 MPH)
Bottom of the 6th over - 0 runs, 2 hits, 0 errors, 2 left on base; South Beach 10 - Lake Erie 3
TOP OF THE 7TH
South Beach Blaze batting - Pitching for Lake Erie Arryns : RHP Tom Lehman
Batting: RHB Hugues Bellot 0-0: Called Strike
0-1: Ball
1-1: Ball
2-1: Ball
3-1: SINGLE (Line Drive, 8LS, EV 98.1 MPH)
Batting: LHB Steve Lodge 0-0: Ball
1-0: Ground out U3 (Groundball, 3, EV 90.0 MPH)
Hugues Bellot to second
Batting: RHB Marvin Davenport 0-0: Called Strike
0-1: Ball
1-1: Ground out 4-3 (Groundball, 4, EV 96.2 MPH)
Hugues Bellot to third
Batting: RHB Yoshiki Shimizu 0-0: Called Strike
0-1: Foul Ball, location: 2F
0-2: DOUBLE (Line Drive, 78D, EV 104.4 MPH)
Hugues Bellot scores
Batting: RHB Thiago Yepes 0-0: Ball
1-0: SINGLE (Groundball, 56D, EV 101.2 MPH)
Yoshiki Shimizu to third
Runner from 3rd tries for Home, SAFE, no throw by LF
Batting: RHB Miles Breeuwer 0-0: Called Strike
0-1: Foul Ball, location: 2F
0-2: Ball
1-2: SINGLE (Line Drive, 89S, EV 95.6 MPH)
Thiago Yepes to second
Batting: LHB Duane Halfyard 0-0: Called Strike
0-1: Called Strike
0-2: Foul Ball, location: 2F
0-2: Ball
1-2: Ball
2-2: Ball
3-2: SINGLE (Flyball, 9LS, EV 91.2 MPH)
Thiago Yepes to third
Miles Breeuwer to second
Thiago Yepes scores
Miles Breeuwer to third
Pitching: RHP Vratislav Sedlaczek
Batting: RHB Sergio Morales 0-0: Foul Ball, location: 2F
0-1: Fielders Choice at 2nd, 5-4 (Groundball, 5, EV 86.2 MPH)
Top of the 7th over - 3 runs, 5 hits, 0 errors, 2 left on base; South Beach 13 - Lake Erie 3
BOTTOM OF THE 7TH
Lake Erie Arryns batting - Pitching for South Beach Blaze : RHP Dan Smith
Batting: RHB Hiroshige Yamada 0-0: Ball
1-0: Ball
2-0: Called Strike
2-1: Ball
3-1: Swinging Strike
3-2: Base on Balls
Batting: RHB Daryl Pethick 0-0: Ball
1-0: Swinging Strike
1-1: Swinging Strike
1-2: Ball
2-2: Foul Ball, location: 2F
2-2: Ball
3-2: Foul Ball, location: 2F
3-2: SINGLE (Flyball, 8LS, EV 84.4 MPH)
Hiroshige Yamada to second
Batting: RHB Carlos Valle 0-0: Grounds into double play, 5-4-3 (Groundball, 56, EV 81.9 MPH)
Hiroshige Yamada to third
Batting: LHB Robbie Care 0-0: Ball
1-0: Ball
2-0: SINGLE (Groundball, 3S, EV 86.9 MPH) (infield hit)
Hiroshige Yamada scores
Batting: RHB Aloysius Szymanski 0-0: Ball
1-0: Ball
2-0: Foul Ball, location: 2F
2-1: DOUBLE (Line Drive, 5D, EV 96.9 MPH)
Robbie Care to third
Runner from 3rd tries for Home, SAFE, no throw by LF
Batting: LHB Trent Armstrong 0-0: Ball
1-0: Foul Ball, location: 2F
1-1: Ball
2-1: Foul Ball, location: 2F
2-2: Ball
3-2: Foul Ball, location: 2F
3-2: Base on Balls
Batting: RHB Luther H. Greene 0-0: Foul Ball, location: 2F
0-1: Foul Ball, location: 2F
0-2: Ball
1-2: Foul Ball, location: 2F
1-2: Foul Ball, location: 2F
1-2: Foul Ball, location: 2F
1-2: Ground out 5-3 (Groundball, 56S, EV 88.8 MPH)
Bottom of the 7th over - 2 runs, 3 hits, 0 errors, 2 left on base; South Beach 13 - Lake Erie 5
TOP OF THE 8TH
South Beach Blaze batting - Pitching for Lake Erie Arryns : RHP Vratislav Sedlaczek
Batting: RHB Nebosja Peric 0-0: Swinging Strike
0-1: Called Strike
0-2: Ball
1-2: Fly out, F9 (Flyball, 89S, EV 88.1 MPH)
Batting: RHB Hugues Bellot 0-0: Ball
1-0: Ball
2-0: Swinging Strike
2-1: Called Strike
2-2: Strikes out looking
Batting: LHB Steve Lodge 0-0: Fly out, F9 (Flyball, 9S, EV 90.6 MPH)
Top of the 8th over - 0 runs, 0 hits, 0 errors, 0 left on base; South Beach 13 - Lake Erie 5
BOTTOM OF THE 8TH
Lake Erie Arryns batting - Pitching for South Beach Blaze : RHP Dan Smith
Batting: RHB Rafael Briones 0-0: Called Strike
0-1: Ground out U3 (Groundball, 3, EV 107.5 MPH)
Batting: RHB Shi-yu Ting 0-0: Called Strike
0-1: Ground out 5-3 (Groundball, 56S, EV 83.8 MPH)
Batting: RHB Hiroshige Yamada 0-0: Ball
1-0: Called Strike
1-1: SINGLE (Groundball, 4MD, EV 96.9 MPH)
Batting: RHB Daryl Pethick 0-0: Swinging Strike
0-1: Fielders Choice at 2nd, 5-4 (Groundball, 5L, EV 85.6 MPH)
Bottom of the 8th over - 0 runs, 1 hit, 0 errors, 1 left on base; South Beach 13 - Lake Erie 5
TOP OF THE 9TH
South Beach Blaze batting - Pitching for Lake Erie Arryns : RHP Vratislav Sedlaczek
Batting: RHB Marvin Davenport 0-0: Ball
1-0: Ball
2-0: Foul Ball, location: 2F
2-1: Ball
3-1: Base on Balls
Batting: RHB Yoshiki Shimizu 0-0: Ball
1-0: Foul Ball, location: 2F
1-1: Foul Ball, location: 2F
1-2: Strikes out swinging
Batting: RHB Thiago Yepes 0-0: Ball
1-0: Swinging Strike
1-1: Foul Ball, location: 2F
1-2: Ball
2-2: Foul Ball, location: 2F
2-2: Foul Ball, location: 2F
2-2: Ball
3-2: Reached on error, E6 (Groundball, 6, EV 84.4 MPH)
Marvin Davenport to second
Batting: RHB Miles Breeuwer 0-0: Ball
1-0: SINGLE (Line Drive, 8RS, EV 86.9 MPH)
Marvin Davenport to third
Thiago Yepes to second
Pitching: RHP José Reyes
Batting: LHB Duane Halfyard 0-0: Called Strike
0-1: Called Strike
0-2: Grounds into double play, 4-6-3 (Groundball, 4, EV 83.8 MPH)
Top of the 9th over - 0 runs, 1 hit, 1 error, 2 left on base; South Beach 13 - Lake Erie 5
BOTTOM OF THE 9TH
Lake Erie Arryns batting - Pitching for South Beach Blaze : RHP Dan Smith
Batting: RHB Carlos Valle 0-0: Fly out, F8 (Flyball, 8RM, EV 83.1 MPH)
Batting: LHB Robbie Care 0-0: DOUBLE (Line Drive, 3D, EV 99.4 MPH)
Batting: RHB Aloysius Szymanski 0-0: Ball
1-0: Swinging Strike
1-1: Ball
2-1: Ball
3-1: Called Strike
3-2: Fly out, F9 (Flyball, 9D, EV 96.9 MPH)
Batting: LHB Trent Armstrong 0-0: SINGLE (Groundball, P, EV 61.9 MPH) (infield hit)
Robbie Care to third
Pinch Hitting: SHB Claude Long 0-0: Ball
1-0: SINGLE (Groundball, 4MD, EV 103.8 MPH)
Robbie Care scores
Trent Armstrong to second
Batting: RHB Rafael Briones 0-0: Foul Ball, location: 2F
0-1: Foul Ball, location: 2F
0-2: Strikes out swinging
Bottom of the 9th over - 1 run, 3 hits, 0 errors, 2 left on base; South Beach 13 - Lake Erie 6
Tuesday, January 5th, 2021 - OOTP Baseball 20.8 Build 74